 Dungeon Crawl Stone Soup version 0.24-a0-251-g44e327ef01 (webtiles) character file.

Game seed: 4895428405849244297

137 Redear the Skirmisher (level 5, 0/37 HPs)
             Began as an Octopode Fighter on Apr 16, 2019.
             Killed by divine providence
             ... invoked by an orc priest
              (13 damage)
             ... on level 3 of the Dungeon.
             The game lasted 00:01:51 (2094 turns).

Redear the Skirmisher (Octopode Fighter)            Turns: 2094, Time: 00:01:51

Health: 0/37       AC:  1    Str: 15    XL:     5   Next: 20%
Magic:  5/5        EV: 14    Int: 11    God:
Gold:   67         SH:  0    Dex: 12    Spells: 4/4 levels left

rFire    . . .     SeeInvis .   a - +0 long sword
rCold    . . .     Gourm    .   (no shield)
rNeg     . . .     Faith    .   (helmet restricted)
rPois    .         Spirit   .   (no amulet)
rElec    .         Reflect  .   (no ring)
rCorr    .         Harm     .   (no ring)
MR       .....                  (no ring)
Stlth    +++.......             (no ring)
HPRegen  0.12/turn              (no ring)
MPRegen  0.09/turn              (no ring)
                                (no ring)
                                (no ring)

@: lethally poisoned (0 -> -2)
A: almost no armour, stealthy swim, amphibious, 8 rings, constrict 8, camouflage
1, gelatinous body 1
a: no special abilities


You were on level 3 of the Dungeon.
You were hungry.

You visited 1 branch of the dungeon, and saw 3 of its levels.

You collected 67 gold pieces.

Inventory:

Hand Weapons
 a - a +0 long sword (weapon)
Armour
 b - a +0 shield
Scrolls
 d - 3 scrolls of identify {unknown}
 h - a scroll of remove curse {unknown}
 i - 2 scrolls of noise {unknown}
 j - a scroll of fear {unknown}
 m - a scroll of magic mapping {unknown}
Potions
 c - 2 potions of might {Str+5 DMG+1d10 | @q3}
 e - a potion of curing {unknown}
 f - a potion of resistance {unknown}
 g - a potion of brilliance {unknown}
 k - a potion of lignification {unknown}
 l - a potion of cancellation {unknown}
Comestibles
 z - 4 rations


   Skills:
 + Level 3.7 Fighting
 + Level 2.9 Long Blades
 + Level 3.6 Dodging
 + Level 2.8 Stealth
 + Level 3.6 Shields


You had 4 spell levels left.
You didn't know any spells.
Your spell library was empty.

Dungeon Overview and Level Annotations

Branches:
Dungeon (3/15)

Altars:
Cheibriados


Innate Abilities, Weirdness & Mutations

You cannot wear most types of armour.
You are very stealthy in the water. (Stealth+)
You are amphibious.
You can wear up to eight rings at the same time.
You can use your tentacles to constrict eight enemies at once.
Your skin changes colour to match your surroundings (Stealth+).
Your rubbery body absorbs attacks. (AC +1, EV +1)


Message History

You take 1 damage, and have 21/37 hp.
Unknown command.
The orc shouts!
Unknown command.
You feel sick. The orc hits you. The orc hits you with a +0 dagger.
You take 9 damage, and have 12/37 hp.
MASSIVE DAMAGE!!
You hit the orc. You grab the orc.
The orc is lightly wounded.
You constrict the orc. The orc completely misses you.
The orc barely misses you.
You riposte.
You hit the orc. Your grab misses the orc.
The orc is severely wounded.
Unknown command.
You slash the orc!
You kill the orc!
The orc closely misses you.
You riposte.
You slash the orc!
You kill the orc!
The orc priest mumbles some strange prayers to Beogh against you.
Beogh smites you!
You die...

.# .##.# ##
####....#. .#
#.
..........#.#
#.
.#>..#####..#
#. .....#
##..# #.
...#####..#
#o
.......#.##
#.##
....##...#
#)o#
.##.###..#
#@# .#...
....# #.#
>..##.###.#
#.# ..# #. .#
#.# ?. . . .#
#^.....# .#
## ..
####...# .
#.# #


You could see an orc priest and an orc.

Vanquished Creatures
  A jelly (D:2)
  3 adders
  An ooze (D:3)
  5 dart slugs
  A leopard gecko (D:1)
  2 orcs (D:3)
  2 giant cockroaches
  11 goblins
  6 hobgoblins
  7 jackals (D:1)
  4 kobolds
  A quokka (D:2)
  10 bats
  3 frilled lizards (D:1)
  3 rats
60 creatures vanquished.

Notes
Turn   | Place    | Note
-------+----------+-------------------------------------------
     0 | D:1      | Redear the Octopode Fighter began the quest for the Orb.
     0 | D:1      | Reached XP level 1. HP: 16/16 MP: 1/1
   117 | D:1      | Reached XP level 2. HP: 16/21 MP: 2/2
   156 | D:1      | Reached skill level 1 in Stealth
   509 | D:1      | Reached XP level 3. HP: 24/26 MP: 3/3
  1278 | D:2      | Found a snail-covered altar of Cheibriados.
  1299 | D:2      | Reached skill level 2 in Stealth
  1302 | D:2      | Reached XP level 4. HP: 31/31 MP: 4/4
  2054 | D:3      | Reached XP level 5. HP: 36/36 MP: 5/5
  2094 | D:3      | Killed from afar by an orc priest

Levels and vault maps discovered:
D:1:      eino_arrival_cavern_c, layout_basic, minivault_19,
          corexii_leaking_fountain, hangedman_decor_push
D:2:      layout_basic, cheibriados_altar_1
D:3:      layout_rooms

Skill      XL: |  1  2  3 |
---------------+----------+-----
Stealth        | 1 2 |  2.8
Fighting       | |  3.7
Long Blades    | |  2.9
Dodging        | |  3.6
Shields        | |  3.6

Action                   |  1- 3 |  4- 6 || total
-------------------------+-------+-------++-------
Melee: Long sword        |    62 |    25 ||    87
       Constrict         |    21 |     8 ||    29
       Tentacles         |     7 |     4 ||    11
 Stab: Sleeping          |    11 |     5 ||    16
       Distracted        |     1 |       ||     1
  Eat: Chunk             |     1 |     2 ||     3
Armor: Skin              |    11 |     1 ||    12
Dodge: Dodged            |    44 |    14 ||    58
       Rpst.: Long sword |    15 |     8 ||    23

Table legend:
 A = Non-vault XP
 B = Vault XP
 C = Vault XP percentage of total XP
 D = Non-vault monster count
 E = Vault monster count
 F = Vault count percentage of total count
                 A         B        C        D         E       F
            +---------+---------+-------+---------+---------+-------
      Total |     196 |       0 |   0.0 |      60 |       0 |   0.0
            +---------+---------+-------+---------+---------+-------
        D:1 |      62 |       0 |   0.0 |      33 |       0 |   0.0
        D:2 |      93 |       0 |   0.0 |      21 |       0 |   0.0
        D:3 |      41 |       0 |   0.0 |       6 |       0 |   0.0
            +---------+---------+-------+---------+---------+-------
